[ AOE2 MATCH · #507098914 ]
UnrankedItalians vs Mongols
Player's team · LOSS
Rival team · WIN
[ REPLAY ANALYSIS · EXTRACTED FROM THE RECORDED GAME ]
Feudal
9:40
Castle
—
Imperial
—
| APM avg | 21.0 |
| APM peak | 33 |
| eAPM avg | 12.2 |
| Villagers / military | 46 / 5 |
Focus
⚔️ 7.8% · 🌾 92.2%
Archer ×5
Feudal
7:33
Castle
21:40
Imperial
—
| APM avg | 28.5 |
| APM peak | 84 |
| eAPM avg | 13.2 |
| Villagers / military | 38 / 4 |
Focus
⚔️ 18.8% · 🌾 81.2%
Militia ×4
Match map
Initial resources + every placement click. Lines = walls · curves = elevation contours. ◆ gold · ⬟ stone · ● berries · ✦ relic · ◌ wall gap
Your base· ✓ Closed at 12:00 · 24t walls · 3 gate(s)
ELEG VACASADA's base· ✓ Closed at 21:40 · 0t walls · 3 gate(s)
Smoothed initial terrain · ◌ = detected wall gap · hover for details
Inputs per minute
— alvaroninosampe - - ELEG VACASADA
Build order — alvaroninosampe
105 actions detected in the replay
| 0:01 | Queue | Villager (Male) |
| 0:01 | Queue | Villager (Male) |
| 0:02 | Build | House |
| 0:04 | Build | House |
| 0:05 | Build | House |
| 0:23 | Queue | Villager (Male) |
| 0:23 | Queue | Villager (Male) |
| 0:23 | Queue | Villager (Male) |
| 1:17 | Build | Lumber Camp |
| 1:34 | Queue | Villager (Male) |
| 1:34 | Queue | Villager (Male) |
| 2:24 | Queue | Villager (Male) |
| 2:24 | Queue | Villager (Male) |
| 2:25 | Queue | Villager (Male) |
| 2:50 | Queue | Villager (Male) |
| 3:02 | Queue | Villager (Male) |
| 3:25 | Queue | Villager (Male) |
| 3:25 | Queue | Villager (Male) |
| 4:02 | Research | Loom |
| 4:09 | Queue | Villager (Male) |
| 4:10 | Queue | Villager (Male) |
| 4:10 | Queue | Villager (Male) |
| 4:30 | Queue | Villager (Male) |
| 4:30 | Queue | Villager (Male) |
| 4:50 | Queue | Villager (Male) |
| 5:15 | Queue | Villager (Male) |
| 5:16 | Queue | Villager (Male) |
| 5:58 | Queue | Villager (Male) |
| 6:08 | Build | House |
| 6:10 | Queue | Villager (Male) |
| 6:39 | Build | Mining Camp |
| 7:30 | Research | Feudal Age |
| 7:46 | Build | Palisade Wall |
| 7:58 | Build | House |
| 8:05 | Build | House |
| 8:26 | Build | House |
| 8:42 | Build | House |
| 9:06 | Build | House |
| 9:09 | Build | House |
| 9:10 | Build | House |
| 9:11 | Build | House |
| 9:40 | Age | Feudal Age |
| 9:41 | Build | House |
| 9:57 | Build | Stone Wall |
| 10:02 | Queue | Villager (Male) |
| 10:02 | Queue | Villager (Male) |
| 10:21 | Queue | Villager (Male) |
| 10:27 | Build | Watch Tower |
| 10:32 | Build | Mining Camp |
| 10:33 | Queue | Villager (Male) |
| 10:33 | Queue | Villager (Male) |
| 10:42 | Build | Lumber Camp |
| 10:55 | Queue | Villager (Male) |
| 10:59 | Queue | Villager (Male) |
| 11:22 | Build | Barracks |
| 11:28 | Build | House |
| 11:30 | Build | House |
| 11:34 | Queue | Villager (Male) |
| 11:56 | Build | House |
| 12:22 | Build | House |
| 12:29 | Build | Stone Wall |
| 12:43 | Build | Stone Wall |
| 12:46 | Build | Archery Range |
| 12:48 | Queue | Villager (Male) |
| 12:57 | Build | Stone Wall |
| 13:21 | Queue | Archer |
| 13:21 | Queue | Archer |
| 13:22 | Queue | Archer |
| 13:37 | Build | Stone Wall |
| 14:02 | Queue | Archer |
| 14:15 | Queue | Villager (Male) |
| 14:15 | Queue | Villager (Male) |
| 14:37 | Build | Mill |
| 15:01 | Queue | Archer |
| 15:17 | Queue | Villager (Male) |
| 15:26 | Build | Market |
| 15:57 | Queue | Villager (Male) |
| 16:27 | Build | Blacksmith |
| 16:30 | Queue | Villager (Male) |
| 17:11 | Queue | Villager (Male) |
| 17:25 | Build | Mining Camp |
| 17:36 | Research | Gold Mining |
| 17:39 | Build | Farm |
| 17:41 | Queue | Villager (Male) |
| 18:09 | Build | Farm |
| 18:14 | Queue | Villager (Male) |
| 18:20 | Build | Mining Camp |
| 18:34 | Queue | Villager (Male) |
| 18:45 | Build | House |
| 18:46 | Build | House |
| 18:47 | Build | House |
| 18:49 | Build | House |
| 18:52 | Build | Farm |
| 19:07 | Build | Farm |
| 19:14 | Queue | Villager (Male) |
| 19:44 | Build | Farm |
| 19:46 | Queue | Villager (Male) |
| 20:03 | Build | Stone Wall |
| 20:23 | Build | Mill |
| 20:30 | Build | Farm |
| 20:41 | Queue | Villager (Male) |
| 21:07 | Build | Farm |
| 21:09 | Build | Farm |
| 21:19 | Queue | Villager (Male) |
| 21:28 | Build | Farm |
Build order — ELEG VACASADA
89 actions detected in the replay
| 0:00 | Queue | Villager (Male) |
| 0:00 | Queue | Villager (Male) |
| 0:01 | Queue | Villager (Male) |
| 0:02 | Build | House |
| 0:05 | Build | House |
| 0:13 | Queue | Villager (Male) |
| 0:13 | Queue | Villager (Male) |
| 1:40 | Queue | Villager (Male) |
| 1:46 | Build | Lumber Camp |
| 1:55 | Queue | Villager (Male) |
| 2:26 | Queue | Villager (Male) |
| 2:47 | Queue | Villager (Male) |
| 2:53 | Queue | Villager (Male) |
| 2:57 | Queue | Villager (Male) |
| 3:06 | Queue | Villager (Male) |
| 3:16 | Queue | Villager (Male) |
| 3:47 | Queue | Villager (Male) |
| 4:35 | Research | Loom |
| 4:39 | Build | Barracks |
| 5:21 | Build | House |
| 5:23 | Research | Feudal Age |
| 5:49 | Build | House |
| 6:03 | Queue | Militia |
| 6:05 | Queue | Militia |
| 6:54 | Build | Mining Camp |
| 7:10 | Queue | Militia |
| 7:33 | Age | Feudal Age |
| 7:34 | Queue | Militia |
| 7:43 | Queue | Villager (Male) |
| 8:10 | Build | Watch Tower |
| 8:27 | Research | Man-at-Arms (upgrade) |
| 8:30 | Queue | Villager (Male) |
| 8:31 | Queue | Villager (Male) |
| 8:47 | Build | Mining Camp |
| 8:50 | Queue | Villager (Male) |
| 9:38 | Build | Watch Tower |
| 9:49 | Queue | Villager (Male) |
| 9:50 | Queue | Villager (Male) |
| 10:26 | Research | Arson |
| 10:56 | Queue | Villager (Male) |
| 11:03 | Build | Mill |
| 11:07 | Build | House |
| 11:13 | Queue | Villager (Male) |
| 11:35 | Build | House |
| 11:42 | Queue | Villager (Male) |
| 11:52 | Build | Watch Tower |
| 12:24 | Queue | Villager (Male) |
| 12:30 | Queue | Villager (Male) |
| 12:55 | Queue | Villager (Male) |
| 13:00 | Build | Farm |
| 13:00 | Build | Farm |
| 13:00 | Build | Farm |
| 13:00 | Build | Farm |
| 13:01 | Build | Farm |
| 13:01 | Build | Farm |
| 13:01 | Build | Farm |
| 13:02 | Build | Farm |
| 13:02 | Build | Farm |
| 13:02 | Build | Farm |
| 13:02 | Build | Farm |
| 13:13 | Queue | Villager (Male) |
| 13:32 | Build | House |
| 13:49 | Queue | Villager (Male) |
| 14:35 | Build | Watch Tower |
| 14:58 | Queue | Villager (Male) |
| 15:00 | Build | Farm |
| 15:00 | Build | Farm |
| 15:01 | Build | Farm |
| 15:02 | Queue | Villager (Male) |
| 15:26 | Research | Double-Bit Axe |
| 15:29 | Queue | Villager (Male) |
| 15:54 | Build | House |
| 16:01 | Build | Farm |
| 16:10 | Queue | Villager (Male) |
| 16:32 | Build | Mill |
| 16:40 | Queue | Villager (Male) |
| 17:15 | Queue | Villager (Male) |
| 17:27 | Build | Market |
| 18:26 | Build | Blacksmith |
| 18:28 | Queue | Villager (Male) |
| 18:54 | Queue | Villager (Male) |
| 19:00 | Research | Castle Age |
| 19:41 | Build | House |
| 19:48 | Queue | Villager (Male) |
| 19:48 | Queue | Villager (Male) |
| 20:20 | Build | House |
| 21:07 | Build | House |
| 21:40 | Age | Castle Age |
| 21:51 | Build | Castle |
Match timeline
| 4:39 | ELEG VACASADA · first_building Barracks |
| 7:33 | ELEG VACASADA · age_up feudal |
| 7:46 | alvaroninosampe · wall_segment Palisade Wall x23 |
| 9:40 | alvaroninosampe · age_up feudal |
| 9:57 | alvaroninosampe · wall_segment Stone Wall x1 |
| 11:22 | alvaroninosampe · first_building Barracks |
| 12:29 | alvaroninosampe · wall_segment Stone Wall x2 |
| 12:43 | alvaroninosampe · wall_segment Stone Wall x1 |
| 12:46 | alvaroninosampe · first_building Archery Range |
| 12:57 | alvaroninosampe · wall_segment Stone Wall x2 |
| 13:37 | alvaroninosampe · wall_segment Stone Wall x2 |
| 17:09 | alvaroninosampe · first_market_buy 100 food |
| 20:03 | alvaroninosampe · wall_segment Stone Wall x2 |
| 21:40 | ELEG VACASADA · age_up castle |
| 21:51 | ELEG VACASADA · first_building Castle |
| 21:57 | alvaroninosampe · resign |
[ AI ANALYSIS · 1 CREDIT ]
What really happened in this match?
Wolo.gg analyzes every decision: build order, eco, micro, common mistakes by bracket. Personalized analysis on WhatsApp or Discord in 30 seconds.
Civ guide
Italians
Perfil
Jugador #8587544